 Dungeon Crawl Stone Soup version 0.22.1-1-ga44c0e5 (webtiles) character file.

81 Folque the Digger (level 4, -14/29 HPs)
             Began as an Octopode Earth Elementalist on Oct 6, 2018.
             Demolished by Terence
             ... wielding a +5 flail of crushing
              (16 damage)
             ... on level 3 of the Dungeon.
             The game lasted 00:04:48 (1724 turns).

Folque the Digger (Octopode Earth Elementalist)     Turns: 1724, Time: 00:04:50

Health: -14/29     AC:  1    Str:  7    XL:     4   Next: 42%
Magic:  3/7        EV: 13    Int: 18    God:
Gold:   106        SH:  0    Dex: 12    Spells: 5/8 levels left

rFire    . . .     SeeInvis .   e - +0 short sword
rCold    . . .     Gourm    .   (no shield)
rNeg     . . .     Faith    .   (helmet restricted)
rPois    .         Spirit   .   (no amulet)
rElec    .         Reflect  .   (no ring)
rCorr    .         Harm     .   (no ring)
MR       .....                  (no ring)
Stlth    +++.......             (no ring)
HPRegen  0.09/turn              (no ring)
MPRegen  0.10/turn              (no ring)
                                (no ring)
                                (no ring)

@: no status effects
A: almost no armour, stealthy swim, amphibious, 8 rings, constrict 8, camouflage
1, gelatinous body 1
a: no special abilities


You were on level 3 of the Dungeon.
You were hungry.

You visited 1 branch of the dungeon, and saw 3 of its levels.

You collected 106 gold pieces.

Inventory:

Hand Weapons
 e - a +0 short sword (weapon)
 i - a +0 dagger
Missiles
 b - 112 stones (quivered)
Scrolls
 d - a scroll of fog {unknown}
 f - 2 scrolls of immolation {unknown}
 g - 3 scrolls of random uselessness {unknown}
 h - 4 scrolls of identify
 k - a scroll of teleportation
 l - 2 scrolls of amnesia {unknown}
Potions
 j - a potion of curing
Comestibles
 c - 3 rations


   Skills:
 + Level 1.6 Fighting
 - Level 2.0 Dodging
 - Level 2.6 Stealth
 + Level 2.6 Spellcasting
 - Level 1.0 Transmutations
 * Level 4.2 Earth Magic


You had 5 spell levels left.
You knew the following spells:

 Your Spells              Type           Power        Failure   Level  Hunger
a - Sandblast             Erth           ###...       3%          1    #......
b - Passwall              Tmut/Erth      ##......     9%          2    ##.....

Your spell library contained the following spells:

 Spells                   Type           Power        Failure   Level  Hunger
 Stone Arrow              Conj/Erth      #.....       22%         3    ###....
 Petrify                  Tmut/Erth      ##......     50%         4    #####..
 Lee's Rapid Deconstruct  Erth           ###.......   63%         5    ######.


Dungeon Overview and Level Annotations

Branches:
Dungeon (3/15)

Altars:

Annotations:
D:3 Terence


Innate Abilities, Weirdness & Mutations

You cannot wear most types of armour.
You are very stealthy in the water. (Stealth+)
You are amphibious.
You can wear up to eight rings at the same time.
You can use your tentacles to constrict eight enemies at once.
Your skin changes colour to match your surroundings (Stealth+).
Your rubbery body absorbs attacks. (AC +1, EV +1)


Message History

An adder comes into view.
The rat closely misses you.
Casting: Passwall (safe; 9% risk of failure)
Confirm with . or Enter, or press ? or * to list all spells.
Aiming: Passwall (safe; 9% risk of failure)
Press: ? - help, Dir - move target cursor A rock wall.
Terence hits you with a flail of crushing!
The rat closely misses you.
You begin to meditate on the wall.
You continue meditating on the rock.
The rat barely misses you.
Terence hits you with a flail of crushing!
* * * LOW HITPOINT WARNING * * *
x2 You continue meditating on the rock.
The rat barely misses you. Terence barely misses you.
You continue meditating on the rock.
The rat barely misses you.
Terence hits you with a flail of crushing!
Ouch! That really hurt!
You die...

############.............
.........................
############.###.####.###
...# #.# #.# ##.# #)# #.#
#.# #.# #%# #.# #.# #.#
##†# #.# #@# ...# #.# #@#
#### #.# #r# #.# #S# ...
.b# ... ##.# #.. ###


You could see Terence, an adder, a bat and a rat.

Vanquished Creatures
  A worker ant (D:2)
  An adder (D:2)
  An ooze (D:1)
  2 dart slugs
  A giant cockroach (D:1)
  3 goblins
  5 hobgoblins
  4 jackals (D:2)
  2 quokkas (D:2)
  A ball python (D:1)
  7 bats
  2 frilled lizards (D:2)
  8 kobolds
  A rat (D:1)
39 creatures vanquished.

Notes
Turn   | Place    | Note
-------+----------+-------------------------------------------
     0 | D:1      | Folque the Octopode Earth Elementalist began the quest for
                  | the Orb.
     0 | D:1      | Reached XP level 1. HP: 11/11 MP: 3/3
   285 | D:1      | Reached XP level 2. HP: 18/18 MP: 5/5
   289 | D:1      | Learned a level 2 spell: Passwall
   683 | D:1      | Reached skill level 1 in Fighting
   726 | D:1      | Reached XP level 3. HP: 23/23 MP: 6/6
  1089 | D:2      | Reached skill level 4 in Earth Magic
  1089 | D:2      | Reached XP level 4. HP: 9/28 MP: 0/7
  1709 | D:3      | Noticed Terence
  1724 | D:3      | Demolished by Terence

Skill      XL: |  1  2  3 |
---------------+----------+-----
Fighting       | 1 |  1.6
Earth Magic    | 4 |  4.2
Dodging        | |  2.0
Stealth        | |  2.6
Spellcasting   | |  2.6
Transmutations | |  1.0

Action                   |  1- 3 |  4- 6 || total
-------------------------+-------+-------++-------
Melee: Unarmed           |    15 |       ||    15
       Constrict         |    21 |     2 ||    23
       Short sword       |    56 |    11 ||    67
       Tentacles         |     8 |     1 ||     9
 Cast: Sandblast         |    19 |     2 ||    21
       Passwall          |       |     2 ||     2
  Use: Scroll            |       |     2 ||     2
 Stab: Sleeping          |     5 |     1 ||     6
  Eat: Chunk             |     1 |     1 ||     2
Armor: Skin              |    25 |       ||    25
Dodge: Dodged            |    81 |    13 ||    94
